Pick #1

Connor Bedard
Pick #2

Leo Carlsson
Pick #3

Adam Fantilli
Pick #4

Matvei Michkov
Pick #5

David Reinbacher
Pick #6

William Smith
Pick #7

Zachary Benson
Pick #8

Ryan Leonard
Pick #9

Gabriel Perreault
Pick #10

Axel Sandin-Pellika
Pick #11

Daniil But
Pick #12

Dalibor Dvorsky
Pick #13

Quentin Musty
Pick #14

Brayden Yager
Pick #15

Dmitry Simashev
Pick #16

Colby Barlow
Pick #17

Andrew Cristall
Pick #18

Easton Cowan
Pick #19

Jacob Fowler
Pick #20

Oliver Moore
Pick #21

Oliver Bonk
Pick #22

Tom Willander
Pick #23

Calum Ritchie
Pick #24

Tanner Molendyk
Pick #25

Gavin Brindley
Pick #26

Nate Danielson
Pick #27

Pick #28

Pick #29

Pick #30

Pick #31

Pick #32

Pick #33

Pick #34

Pick #35

Pick #36

Pick #37

Pick #38

Pick #39

Pick #40

Pick #41

Pick #42

Pick #43

Pick #44

Pick #45

Pick #46

Pick #47

Pick #48

Pick #49

Pick #50

Pick #51

Pick #52

Pick #53

Pick #54

Pick #55

Pick #56

Pick #57

Pick #58

Pick #59

Pick #60

Pick #61

Pick #62

Pick #63

Pick #64

Pick #65

Pick #66

Pick #67

Pick #68

Pick #69

Pick #70

Pick #71

Pick #72

Pick #73

Pick #74

Pick #75

Pick #76

Pick #77

Pick #78

Pick #79

Pick #80

Pick #81

Pick #82

Pick #83

Pick #84

Pick #85

Pick #86

Pick #87

Pick #88

Pick #89

Pick #90

Pick #91

Pick #92

Pick #93

Pick #94

Pick #95

Pick #96

Pick #97

Pick #98

Pick #99

Pick #100

Pick #101

Pick #102

Pick #103

Pick #104

Pick #105

Pick #106

Pick #107

Pick #108

Pick #109

Pick #110

Pick #111

Pick #112

Pick #113

Pick #114

Pick #115

Pick #116

Pick #117

Pick #118

Pick #119

Pick #120

Pick #121

Pick #122

Pick #123

Pick #124

Pick #125

Pick #126

Pick #127

Pick #128

Pick #129

Pick #130

Full Scoreboard »»

Panthers vs Avalanche

Created - December 11, 2023 at 14:01

Goals
1 2 3 T
Panthers 2 1 0 3
Avalanche 2 0 0 2
Shots
1 2 3 T
Panthers 16 12 3 31
Avalanche 10 7 9 26

GoalsPenalties
1st period
1. Panthers , Matthew Tkachuk 13 (Charlie McAvoy 14, Quinn Hughes 27) at 6:38
2. Avalanche , Josh Norris 7 (Colton Parayko 17, Troy Terry 12) at 11:38
3. Avalanche , Max Pacioretty 9 (Adam Henrique 18, Mikko Rantanen 19) at 15:46 (PP)
4. Panthers , Roope Hintz 12 (Owen Power 16) at 16:48
Brady Tkachuk (FLA) for Tripping (Minor) at 7:50
Mike Matheson (COL) for Holding (Minor) at 11:54
Michael McLeod (FLA) for Holding (Minor) at 15:38
Mikko Rantanen (COL) for Tripping (Minor) at 19:51
2nd period
5. Panthers , Owen Power 4 (Jamie Benn 7, Roope Hintz 13) at 6:29 (PP)
Troy Terry (COL) for Roughing (Minor) at 2:00
Jake Sanderson (FLA) for Hooking (Minor) at 2:00
Tyler Myers (COL) for Tripping (Minor) at 5:16
Arber Xhekaj (COL) for Interference (Minor) at 10:06
Tyler Myers (COL) for Hooking (Minor) at 14:14
3rd period
No Goal
Charlie McAvoy (FLA) for Roughing (Minor) at 10:39
Goalie Stats
Alexandar Georgiev (FLA), 24 saves from 26 shots - (0.923), W, 19-4-1, 60:00 minutes
Stuart Skinner (COL), 28 saves from 31 shots - (0.903), L, 9-2-1, 60:00 minutes
3 StarsOfficial
1 - Owen Power (FLA)
2 - Roope Hintz (FLA)
3 - Matthew Tkachuk (FLA)
Referees : Kelly Sutherland and Dan O'Rourke
Linesman : Ryan Daisy and Derek Wahl
Game Note
No Game Note
Finance
Level 1 -- Attendance: 6500 (100.00%) -- Ticket Income $663,000
Level 2 -- Attendance: 5000 (100.00%) -- Ticket Income $375,000
Level 3 -- Attendance: 3196 (91.31%) -- Ticket Income $175,780
Level 4 -- Attendance: 2007 (100.00%) -- Ticket Income $90,315
Luxury Box -- Attendance: 951 (95.10%) -- Ticket Income $190,200
Game was played at the Pepsi Center.
Total Attendance: 17654 (98.04%)
Total Ticket Income: $1,494,295
Other Income: $373,574
Total Income: $1,867,869



Team Name Goals Shots Shots Attemp Shots Blocked PIM HIT PP PK FO%
Panthers 33158138271 / 5 (20%)154%
Avalanche 22661712221 / 3 (33%)146%

Panthers
Player Name POS G A P +/- PIM HIT SHT SB MP PP MP PP SHT PK MP PK SHT FO% FOT
Aleksander BarkovC0001003123:415:3610:00056% 32
Alexandre CarrierD0000021211:200:0000:1200% 0
Andrei SvechnikovRW0001033023:325:3610:0000% 1
Brady TkachukLW0001230017:573:3300:12050% 2
Charlie McAvoyD0111242125:336:0011:3200% 0
Emil BemstromRW000000008:500:2200:000100% 1
Frederick GaudreauC000-101005:270:0000:51055% 11
Jake SandersonD0000210221:203:0901:3400% 0
Jamie BennLW0111002017:463:3310:0000% 0
Matthew TkachukLW1011011117:510:0000:0000% 1
Michael McLeodC000-120107:300:0002:5500% 0
Mikael BacklundC0000024017:175:1413:00057% 21
Oliver Ekman-LarssonD0000000213:050:0001:0000% 0
Owen PowerD1120043322:063:0931:2200% 0
Quinn HughesD0111001126:346:0002:3200% 0
Robby FabbriC000004208:280:0000:0000% 0
Roope HintzC1121027020:583:3321:14048% 23
Shane PintoC000-100104:360:0000:000100% 1
Avalanche
Player Name POS G A P +/- PIM HIT SHT SB MP PP MP PP SHT PK MP PK SHT FO% FOT
Adam HenriqueC0110000014:451:3800:36053% 19
Arber XhekajD0000250114:400:0002:4600% 0
Blake WheelerRW000-2010013:160:4400:0000% 0
Colton ParaykoD0110011120:082:0210:2200% 0
Connor DewarC0000003015:150:0006:2600% 1
Jonathan ToewsC000-2000019:120:0005:50049% 35
Josh NorrisC1011013014:312:2810:00024% 21
Max PaciorettyLW101-2005014:362:0430:0000% 0
Michael AndersonD000-1031118:260:0003:4800% 0
Mike MathesonD0000230018:410:0002:5100% 0
Mikko RantanenRW0110213013:181:3810:0000% 0
Nick BjugstadC0000001011:320:0002:4300% 0
Patrik LaineLW0000002013:561:4410:000100% 1
Ross ColtonC0000001011:320:0002:43064% 14
Tim StutzleLW0001022014:501:3800:000100% 1
Travis SanheimD0000001223:502:0215:2100% 0
Troy TerryRW0111221014:112:2800:0000% 1
Tyler MyersD000-1432222:072:0403:1000% 0



Play-by-Play

1st period


0:01 of 1st period - Aleksander Barkov wins face-off versus Josh Norris in neutral zone.
0:14 of 1st period - Shot by Aleksander Barkov.
0:14 of 1st period - Stopped by Stuart Skinner without a rebound.
0:15 of 1st period - Adam Henrique wins face-off versus Roope Hintz in Avalanche zone.
0:23 of 1st period - Tyler Myers is hit by Owen Power and loses puck.
0:42 of 1st period - Shot by Jamie Benn.
0:42 of 1st period - Shot Misses the Net.
0:53 of 1st period - Icing by Owen Power.
0:54 of 1st period - Jonathan Toews wins face-off versus Roope Hintz in Panthers zone.
1:21 of 1st period - Shot by Jonathan Toews.
1:21 of 1st period - Shot Misses the Net.
1:23 of 1st period - Shot by Max Pacioretty.
1:23 of 1st period - Shot Blocked by Alexandre Carrier.
1:27 of 1st period - Shot by Max Pacioretty.
1:27 of 1st period - Shot Blocked by Oliver Ekman-Larsson.
1:29 of 1st period - Shot by Blake Wheeler.
1:29 of 1st period - Shot Blocked by Alexandre Carrier.
1:31 of 1st period - Shot by Michael Anderson.
1:31 of 1st period - Stopped by Alexandar Georgiev without a rebound.
1:32 of 1st period - Ross Colton wins face-off versus Aleksander Barkov in Panthers zone.
2:19 of 1st period - Icing by Travis Sanheim.
2:20 of 1st period - Shane Pinto wins face-off versus Ross Colton in Avalanche zone.
2:50 of 1st period - Shot by Shane Pinto.
2:50 of 1st period - Stopped by Stuart Skinner without a rebound.
2:51 of 1st period - Mikael Backlund wins face-off versus Josh Norris in Avalanche zone.
3:03 of 1st period - Mikael Backlund is hit by Tyler Myers and loses puck.
3:38 of 1st period - Icing by Robby Fabbri.
3:39 of 1st period - Jonathan Toews wins face-off versus Mikael Backlund in Panthers zone.
3:40 of 1st period - Shot by Max Pacioretty.
3:40 of 1st period - Stopped by Alexandar Georgiev without a rebound.
3:41 of 1st period - Adam Henrique wins face-off versus Aleksander Barkov in Panthers zone.
4:06 of 1st period - Shot by Mikko Rantanen.
4:06 of 1st period - Shot Misses the Net.
4:24 of 1st period - Shot by Mikko Rantanen.
4:24 of 1st period - Shot Hit the Post.
4:27 of 1st period - Icing by Quinn Hughes.
4:28 of 1st period - Jonathan Toews wins face-off versus Aleksander Barkov in Panthers zone.
4:52 of 1st period - Colton Parayko is hit by Brady Tkachuk and loses puck.
4:57 of 1st period - Shot by Brady Tkachuk.
4:57 of 1st period - Deflect By Roope Hintz.
4:57 of 1st period - Stopped by Stuart Skinner without a rebound.
4:58 of 1st period - Josh Norris wins face-off versus Frederick Gaudreau in Avalanche zone.
5:08 of 1st period - Icing by Tim Stutzle.
5:09 of 1st period - Roope Hintz wins face-off versus Josh Norris in Avalanche zone.
5:09 of 1st period - Roope Hintz is hit by Mike Matheson.
5:35 of 1st period - Shot by Roope Hintz.
5:35 of 1st period - Stopped by Stuart Skinner with a rebound.
5:37 of 1st period - Shot by Alexandre Carrier.
5:37 of 1st period - Stopped by Stuart Skinner with a rebound.
5:39 of 1st period - Shot by Brady Tkachuk.
5:39 of 1st period - Shot Misses the Net.
5:41 of 1st period - Shot by Jamie Benn.
5:41 of 1st period - Shot Blocked by Tyler Myers.
6:20 of 1st period - Shot by Aleksander Barkov.
6:20 of 1st period - Deflect By Matthew Tkachuk.
6:20 of 1st period - Shot Blocked by Travis Sanheim.
6:38 of 1st period - Shot by Matthew Tkachuk.
6:38 of 1st period - Goal by Matthew Tkachuk - Panthers : 1 - Avalanche : 0.
6:39 of 1st period - Mikael Backlund wins face-off versus Adam Henrique in neutral zone.
7:50 of 1st period - Minor Penalty to Brady Tkachuk for Tripping.
7:51 of 1st period - Mikael Backlund wins face-off versus Josh Norris in Panthers zone.
8:16 of 1st period - Shot by Josh Norris.
8:16 of 1st period - Shot Misses the Net.
8:18 of 1st period - Shot by Colton Parayko.
8:18 of 1st period - Shot Blocked by Charlie McAvoy.
8:20 of 1st period - Shot by Colton Parayko.
8:20 of 1st period - Shot Misses the Net.
8:22 of 1st period - Shot by Josh Norris.
8:22 of 1st period - Stopped by Alexandar Georgiev with a rebound.
8:24 of 1st period - Shot by Travis Sanheim.
8:24 of 1st period - Shot Misses the Net.
8:32 of 1st period - Shot by Josh Norris.
8:32 of 1st period - Shot Misses the Net.
8:34 of 1st period - Shot by Colton Parayko.
8:34 of 1st period - Stopped by Alexandar Georgiev without a rebound.
8:35 of 1st period - Frederick Gaudreau wins face-off versus Adam Henrique in Panthers zone.
8:51 of 1st period - Icing by Adam Henrique.
8:52 of 1st period - Adam Henrique wins face-off versus Mikael Backlund in Avalanche zone.
8:58 of 1st period - Icing by Tim Stutzle.
8:59 of 1st period - Adam Henrique wins face-off versus Frederick Gaudreau in Avalanche zone.
8:59 of 1st period - Adam Henrique is hit by Roope Hintz.
9:07 of 1st period - Shot by Mikko Rantanen.
9:07 of 1st period - Stopped by Alexandar Georgiev without a rebound.
9:08 of 1st period - Mikael Backlund wins face-off versus Josh Norris in Panthers zone.
9:08 of 1st period - Mikael Backlund is hit by Troy Terry.
9:20 of 1st period - Shot by Troy Terry.
9:20 of 1st period - Deflect By Patrik Laine.
9:20 of 1st period - Stopped by Alexandar Georgiev without a rebound.
9:21 of 1st period - Josh Norris wins face-off versus Mikael Backlund in Panthers zone.
9:21 of 1st period - Josh Norris is hit by Charlie McAvoy.
9:50 of 1st period - Shot by Patrik Laine.
9:50 of 1st period - Shot Blocked by Matthew Tkachuk.
10:04 of 1st period - Icing by Alexandre Carrier.
10:05 of 1st period - Aleksander Barkov wins face-off versus Jonathan Toews in Panthers zone.
10:33 of 1st period - Matthew Tkachuk is hit by Arber Xhekaj and loses puck.
10:45 of 1st period - Matthew Tkachuk is hit by Michael Anderson and loses puck.
10:56 of 1st period - Brady Tkachuk is hit by Blake Wheeler and loses puck.
11:20 of 1st period - Icing by Josh Norris.
11:21 of 1st period - Tim Stutzle wins face-off versus Frederick Gaudreau in Avalanche zone.
11:21 of 1st period - Josh Norris is hit by Frederick Gaudreau and loses puck.
11:34 of 1st period - Shot by Troy Terry.
11:34 of 1st period - Shot Misses the Net.
11:38 of 1st period - Shot by Josh Norris.
11:38 of 1st period - Goal by Josh Norris - Panthers : 1 - Avalanche : 1.
11:39 of 1st period - Ross Colton wins face-off versus Mikael Backlund in neutral zone.
11:54 of 1st period - Minor Penalty to Mike Matheson for Holding.
11:55 of 1st period - Aleksander Barkov wins face-off versus Jonathan Toews in Avalanche zone.
12:06 of 1st period - Shot by Owen Power.
12:06 of 1st period - Stopped by Stuart Skinner without a rebound.
12:07 of 1st period - Roope Hintz wins face-off versus Jonathan Toews in Avalanche zone.
12:18 of 1st period - Shot by Roope Hintz.
12:18 of 1st period - Shot Misses the Net.
12:45 of 1st period - Shot by Charlie McAvoy.
12:45 of 1st period - Deflect By Roope Hintz.
12:45 of 1st period - Stopped by Stuart Skinner without a rebound.
12:46 of 1st period - Jonathan Toews wins face-off versus Aleksander Barkov in Avalanche zone.
12:46 of 1st period - Jonathan Toews is hit by Andrei Svechnikov.
12:58 of 1st period - Shot by Owen Power.
12:58 of 1st period - Shot Misses the Net.
13:00 of 1st period - Shot by Mikael Backlund.
13:00 of 1st period - Shot Misses the Net.
13:12 of 1st period - Shot by Andrei Svechnikov.
13:12 of 1st period - Stopped by Stuart Skinner with a rebound.
13:14 of 1st period - Shot by Jake Sanderson.
13:14 of 1st period - Shot Misses the Net.
13:16 of 1st period - Shot by Mikael Backlund.
13:16 of 1st period - Stopped by Stuart Skinner without a rebound.
13:17 of 1st period - Brady Tkachuk wins face-off versus Connor Dewar in Avalanche zone.
13:20 of 1st period - Shot by Charlie McAvoy.
13:20 of 1st period - Deflect By Roope Hintz.
13:20 of 1st period - Stopped by Stuart Skinner without a rebound.
13:21 of 1st period - Roope Hintz wins face-off versus Jonathan Toews in Avalanche zone.
13:29 of 1st period - Off-side.
13:30 of 1st period - Jonathan Toews wins face-off versus Aleksander Barkov in neutral zone.
14:30 of 1st period - Troy Terry is hit by Owen Power and loses puck.
15:22 of 1st period - Shot by Andrei Svechnikov.
15:22 of 1st period - Shot Misses the Net.
15:24 of 1st period - Shot by Charlie McAvoy.
15:24 of 1st period - Stopped by Stuart Skinner without a rebound.
15:25 of 1st period - Mikael Backlund wins face-off versus Jonathan Toews in Avalanche zone.
15:29 of 1st period - Robby Fabbri is hit by Arber Xhekaj and loses puck.
15:32 of 1st period - Shot by Robby Fabbri.
15:32 of 1st period - Stopped by Stuart Skinner with a rebound.
15:37 of 1st period - Icing by Michael Anderson.
15:38 of 1st period - Jonathan Toews wins face-off versus Frederick Gaudreau in Avalanche zone.
15:38 of 1st period - Minor Penalty to Michael McLeod for Holding.
15:39 of 1st period - Adam Henrique wins face-off versus Mikael Backlund in Panthers zone.
15:44 of 1st period - Shot by Mikko Rantanen.
15:44 of 1st period - Deflect By Adam Henrique.
15:44 of 1st period - Shot Misses the Net.
15:46 of 1st period - Shot by Max Pacioretty.
15:46 of 1st period - Goal by Max Pacioretty - Panthers : 1 - Avalanche : 2.
15:47 of 1st period - Ross Colton wins face-off versus Aleksander Barkov in neutral zone.
16:04 of 1st period - Shot by Connor Dewar.
16:04 of 1st period - Stopped by Alexandar Georgiev without a rebound.
16:05 of 1st period - Jonathan Toews wins face-off versus Roope Hintz in Panthers zone.
16:48 of 1st period - Shot by Roope Hintz.
16:48 of 1st period - Goal by Roope Hintz - Panthers : 2 - Avalanche : 2.
16:49 of 1st period - Ross Colton wins face-off versus Aleksander Barkov in neutral zone.
18:09 of 1st period - Shot by Mikael Backlund.
18:09 of 1st period - Deflect By Robby Fabbri.
18:09 of 1st period - Shot Misses the Net.
18:21 of 1st period - Shot by Mikael Backlund.
18:21 of 1st period - Stopped by Stuart Skinner without a rebound.
18:22 of 1st period - Frederick Gaudreau wins face-off versus Adam Henrique in Avalanche zone.
18:35 of 1st period - Shot by Tyler Myers.
18:35 of 1st period - Stopped by Alexandar Georgiev without a rebound.
18:36 of 1st period - Josh Norris wins face-off versus Roope Hintz in Panthers zone.
19:05 of 1st period - Shot by Roope Hintz.
19:05 of 1st period - Shot Hit the Post.
19:07 of 1st period - Shot by Quinn Hughes.
19:07 of 1st period - Stopped by Stuart Skinner without a rebound.
19:08 of 1st period - Adam Henrique wins face-off versus Aleksander Barkov in Avalanche zone.
19:51 of 1st period - Minor Penalty to Mikko Rantanen for Tripping.
19:52 of 1st period - Jonathan Toews wins face-off versus Roope Hintz in Avalanche zone.
Goals for this period are 2 for Panthers vs 2 for Avalanche.
Shots for this period are 16 for Panthers vs 10 for Avalanche.

2nd period


0:01 of 2nd period - Jonathan Toews wins face-off versus Aleksander Barkov in neutral zone.
0:01 of 2nd period - Travis Sanheim is hit by Mikael Backlund and loses puck.
0:16 of 2nd period - Shot by Andrei Svechnikov.
0:16 of 2nd period - Deflect By Aleksander Barkov.
0:16 of 2nd period - Stopped by Stuart Skinner without a rebound.
0:17 of 2nd period - Jonathan Toews wins face-off versus Roope Hintz in Avalanche zone.
0:17 of 2nd period - Jonathan Toews is hit by Brady Tkachuk.
0:29 of 2nd period - Shot by Travis Sanheim.
0:29 of 2nd period - Shot Blocked by Owen Power.
0:47 of 2nd period - Shot by Jamie Benn.
0:47 of 2nd period - Stopped by Stuart Skinner without a rebound.
0:48 of 2nd period - Aleksander Barkov wins face-off versus Jonathan Toews in Avalanche zone.
2:00 of 2nd period - Minor Penalty to Troy Terry for Roughing.
2:00 of 2nd period - Minor Penalty to Jake Sanderson for Hooking.
2:01 of 2nd period - Adam Henrique wins face-off versus Matthew Tkachuk in Panthers zone.
2:01 of 2nd period - Adam Henrique is hit by Owen Power.
2:09 of 2nd period - Shot by Roope Hintz.
2:09 of 2nd period - Shot Misses the Net.
2:21 of 2nd period - Shot by Roope Hintz.
2:21 of 2nd period - Stopped by Stuart Skinner without a rebound.
2:22 of 2nd period - Aleksander Barkov wins face-off versus Jonathan Toews in Avalanche zone.
2:32 of 2nd period - Aleksander Barkov is hit by Michael Anderson and loses puck.
2:53 of 2nd period - Shot by Matthew Tkachuk.
2:53 of 2nd period - Shot Blocked by Travis Sanheim.
3:18 of 2nd period - Icing by Andrei Svechnikov.
3:19 of 2nd period - Roope Hintz wins face-off versus Adam Henrique in Panthers zone.
3:19 of 2nd period - Quinn Hughes is hit by Tim Stutzle and loses puck.
3:24 of 2nd period - Shot by Adam Henrique.
3:24 of 2nd period - Shot Blocked by Quinn Hughes.
3:26 of 2nd period - Shot by Tim Stutzle.
3:26 of 2nd period - Shot Misses the Net.
3:37 of 2nd period - Roope Hintz is hit by Mike Matheson and loses puck.
4:09 of 2nd period - Shot by Tyler Myers.
4:09 of 2nd period - Stopped by Alexandar Georgiev with a rebound.
4:11 of 2nd period - Shot by Michael Anderson.
4:11 of 2nd period - Shot Hit the Post.
4:13 of 2nd period - Shot by Connor Dewar.
4:13 of 2nd period - Stopped by Alexandar Georgiev with a rebound.
4:15 of 2nd period - Shot by Michael Anderson.
4:15 of 2nd period - Shot Hit the Post.
4:17 of 2nd period - Shot by Nick Bjugstad.
4:17 of 2nd period - Shot Blocked by Jake Sanderson.
4:19 of 2nd period - Shot by Connor Dewar.
4:19 of 2nd period - Stopped by Alexandar Georgiev without a rebound.
4:20 of 2nd period - Frederick Gaudreau wins face-off versus Jonathan Toews in Panthers zone.
4:51 of 2nd period - Icing by Colton Parayko.
4:52 of 2nd period - Jonathan Toews wins face-off versus Mikael Backlund in Avalanche zone.
4:57 of 2nd period - Shot by Mikael Backlund.
4:57 of 2nd period - Stopped by Stuart Skinner without a rebound.
4:58 of 2nd period - Roope Hintz wins face-off versus Josh Norris in Avalanche zone.
4:58 of 2nd period - Quinn Hughes is hit by Tyler Myers.
5:16 of 2nd period - Minor Penalty to Tyler Myers for Tripping.
5:17 of 2nd period - Aleksander Barkov wins face-off versus Jonathan Toews in Avalanche zone.
5:18 of 2nd period - Shot by Owen Power.
5:18 of 2nd period - Stopped by Stuart Skinner without a rebound.
5:19 of 2nd period - Aleksander Barkov wins face-off versus Jonathan Toews in Avalanche zone.
5:47 of 2nd period - Andrei Svechnikov is hit by Mike Matheson.
6:29 of 2nd period - Shot by Owen Power.
6:29 of 2nd period - Goal by Owen Power - Panthers : 3 - Avalanche : 2.
6:30 of 2nd period - Adam Henrique wins face-off versus Frederick Gaudreau in neutral zone.
6:44 of 2nd period - Icing by Oliver Ekman-Larsson.
6:45 of 2nd period - Frederick Gaudreau wins face-off versus Josh Norris in Panthers zone.
6:45 of 2nd period - Frederick Gaudreau is hit by Tim Stutzle.
6:54 of 2nd period - Shot by Michael McLeod.
6:54 of 2nd period - Shot Blocked by Arber Xhekaj.
6:56 of 2nd period - Shot by Michael McLeod.
6:56 of 2nd period - Stopped by Stuart Skinner without a rebound.
6:57 of 2nd period - Jonathan Toews wins face-off versus Roope Hintz in Avalanche zone.
7:23 of 2nd period - Shot by Max Pacioretty.
7:23 of 2nd period - Stopped by Alexandar Georgiev without a rebound.
7:24 of 2nd period - Aleksander Barkov wins face-off versus Josh Norris in Panthers zone.
8:05 of 2nd period - Shot by Josh Norris.
8:05 of 2nd period - Shot Blocked by Aleksander Barkov.
8:41 of 2nd period - Icing by Colton Parayko.
8:42 of 2nd period - Roope Hintz wins face-off versus Adam Henrique in Avalanche zone.
8:45 of 2nd period - Shot by Jamie Benn.
8:45 of 2nd period - Stopped by Stuart Skinner with a rebound.
9:02 of 2nd period - Roope Hintz is hit by Colton Parayko and loses puck.
9:19 of 2nd period - Shot by Roope Hintz.
9:19 of 2nd period - Shot Blocked by Colton Parayko.
9:33 of 2nd period - Icing by Owen Power.
9:34 of 2nd period - Roope Hintz wins face-off versus Jonathan Toews in Panthers zone.
10:06 of 2nd period - Minor Penalty to Arber Xhekaj for Interference.
10:07 of 2nd period - Aleksander Barkov wins face-off versus Jonathan Toews in Avalanche zone.
12:11 of 2nd period - Shot by Tim Stutzle.
12:11 of 2nd period - Shot Misses the Net.
12:48 of 2nd period - Michael McLeod is hit by Arber Xhekaj and loses puck.
13:27 of 2nd period - Shot by Mikael Backlund.
13:27 of 2nd period - Stopped by Stuart Skinner without a rebound.
13:28 of 2nd period - Jonathan Toews wins face-off versus Roope Hintz in Avalanche zone.
13:36 of 2nd period - Off-side.
13:37 of 2nd period - Jonathan Toews wins face-off versus Roope Hintz in neutral zone.
13:57 of 2nd period - Off-side.
13:58 of 2nd period - Aleksander Barkov wins face-off versus Ross Colton in neutral zone.
14:02 of 2nd period - Aleksander Barkov is hit by Michael Anderson and loses puck.
14:05 of 2nd period - Shot by Andrei Svechnikov.
14:05 of 2nd period - Shot Misses the Net.
14:14 of 2nd period - Minor Penalty to Tyler Myers for Hooking.
14:15 of 2nd period - Roope Hintz wins face-off versus Jonathan Toews in Avalanche zone.
14:28 of 2nd period - Shot by Charlie McAvoy.
14:28 of 2nd period - Stopped by Stuart Skinner without a rebound.
14:29 of 2nd period - Aleksander Barkov wins face-off versus Jonathan Toews in Avalanche zone.
16:38 of 2nd period - Off-side.
16:39 of 2nd period - Emil Bemstrom wins face-off versus Josh Norris in neutral zone.
16:47 of 2nd period - Shot by Owen Power.
16:47 of 2nd period - Shot Blocked by Tyler Myers.
17:06 of 2nd period - Icing by Michael Anderson.
17:07 of 2nd period - Aleksander Barkov wins face-off versus Josh Norris in Avalanche zone.
17:22 of 2nd period - Shot by Aleksander Barkov.
17:22 of 2nd period - Shot Misses the Net.
17:32 of 2nd period - Shot by Aleksander Barkov.
17:32 of 2nd period - Stopped by Stuart Skinner without a rebound.
17:33 of 2nd period - Roope Hintz wins face-off versus Jonathan Toews in Avalanche zone.
17:44 of 2nd period - Shot by Roope Hintz.
17:44 of 2nd period - Shot Misses the Net.
18:46 of 2nd period - Shot by Andrei Svechnikov.
18:46 of 2nd period - Shot Blocked by Michael Anderson.
18:48 of 2nd period - Shot by Aleksander Barkov.
18:48 of 2nd period - Deflect By Andrei Svechnikov.
18:48 of 2nd period - Stopped by Stuart Skinner without a rebound.
18:49 of 2nd period - Ross Colton wins face-off versus Mikael Backlund in Avalanche zone.
18:49 of 2nd period - Ross Colton is hit by Robby Fabbri.
18:52 of 2nd period - Mike Matheson is hit by Robby Fabbri and loses puck.
18:56 of 2nd period - Mike Matheson is hit by Alexandre Carrier and loses puck.
18:59 of 2nd period - Shot by Nick Bjugstad.
18:59 of 2nd period - Deflect By Ross Colton.
18:59 of 2nd period - Stopped by Alexandar Georgiev without a rebound.
19:00 of 2nd period - Adam Henrique wins face-off versus Aleksander Barkov in Panthers zone.
19:19 of 2nd period - Shot by Mikko Rantanen.
19:19 of 2nd period - Stopped by Alexandar Georgiev without a rebound.
19:20 of 2nd period - Ross Colton wins face-off versus Roope Hintz in Panthers zone.
19:27 of 2nd period - Shot by Ross Colton.
19:27 of 2nd period - Deflect By Nick Bjugstad.
19:27 of 2nd period - Shot Hit the Post.
19:29 of 2nd period - Shot by Ross Colton.
19:29 of 2nd period - Shot Misses the Net.
19:43 of 2nd period - Shot by Nick Bjugstad.
19:43 of 2nd period - Stopped by Alexandar Georgiev without a rebound.
19:44 of 2nd period - Aleksander Barkov wins face-off versus Jonathan Toews in Panthers zone.
Goals for this period are 1 for Panthers vs 0 for Avalanche.
Shots for this period are 12 for Panthers vs 7 for Avalanche.

3rd period


0:01 of 3rd period - Jonathan Toews wins face-off versus Aleksander Barkov in neutral zone.
0:55 of 3rd period - Icing by Matthew Tkachuk.
0:56 of 3rd period - Aleksander Barkov wins face-off versus Adam Henrique in Panthers zone.
1:19 of 3rd period - Shot by Patrik Laine.
1:19 of 3rd period - Shot Blocked by Owen Power.
1:33 of 3rd period - Shot by Roope Hintz.
1:33 of 3rd period - Shot Misses the Net.
2:18 of 3rd period - Shot by Tim Stutzle.
2:18 of 3rd period - Stopped by Alexandar Georgiev without a rebound.
2:19 of 3rd period - Mikael Backlund wins face-off versus Josh Norris in Panthers zone.
2:23 of 3rd period - Icing by Oliver Ekman-Larsson.
2:24 of 3rd period - Mikael Backlund wins face-off versus Josh Norris in Panthers zone.
2:24 of 3rd period - Oliver Ekman-Larsson is hit by Troy Terry and loses puck.
2:33 of 3rd period - Shot by Emil Bemstrom.
2:33 of 3rd period - Shot Misses the Net.
2:35 of 3rd period - Shot by Robby Fabbri.
2:35 of 3rd period - Shot Misses the Net.
2:37 of 3rd period - Shot by Mikael Backlund.
2:37 of 3rd period - Shot Misses the Net.
2:56 of 3rd period - Off-side.
2:57 of 3rd period - Aleksander Barkov wins face-off versus Ross Colton in neutral zone.
3:05 of 3rd period - Icing by Colton Parayko.
3:06 of 3rd period - Ross Colton wins face-off versus Aleksander Barkov in Avalanche zone.
3:32 of 3rd period - Travis Sanheim is hit by Charlie McAvoy and loses puck.
4:04 of 3rd period - Icing by Aleksander Barkov.
4:05 of 3rd period - Josh Norris wins face-off versus Aleksander Barkov in Panthers zone.
4:19 of 3rd period - Matthew Tkachuk is hit by Arber Xhekaj and loses puck.
5:09 of 3rd period - Shot by Blake Wheeler.
5:09 of 3rd period - Deflect By Max Pacioretty.
5:09 of 3rd period - Shot Blocked by Owen Power.
5:33 of 3rd period - Shot by Alexandre Carrier.
5:33 of 3rd period - Shot Misses the Net.
5:53 of 3rd period - Mike Matheson is hit by Robby Fabbri and loses puck.
6:07 of 3rd period - Max Pacioretty is hit by Robby Fabbri and loses puck.
6:11 of 3rd period - Mike Matheson is hit by Alexandre Carrier and loses puck.
6:19 of 3rd period - Alexandre Carrier is hit by Tyler Myers.
6:30 of 3rd period - Icing by Alexandre Carrier.
6:31 of 3rd period - Mikael Backlund wins face-off versus Adam Henrique in Panthers zone.
6:36 of 3rd period - Oliver Ekman-Larsson is hit by Mikko Rantanen and loses puck.
6:54 of 3rd period - Icing by Travis Sanheim.
6:55 of 3rd period - Aleksander Barkov wins face-off versus Adam Henrique in Avalanche zone.
7:08 of 3rd period - Shot by Mikko Rantanen.
7:08 of 3rd period - Shot Misses the Net.
7:14 of 3rd period - Shot by Mikko Rantanen.
7:14 of 3rd period - Stopped by Alexandar Georgiev without a rebound.
7:15 of 3rd period - Roope Hintz wins face-off versus Ross Colton in Panthers zone.
7:17 of 3rd period - Icing by Jamie Benn.
7:18 of 3rd period - Roope Hintz wins face-off versus Josh Norris in Panthers zone.
7:23 of 3rd period - Shot by Josh Norris.
7:23 of 3rd period - Stopped by Alexandar Georgiev without a rebound.
7:24 of 3rd period - Ross Colton wins face-off versus Andrei Svechnikov in Panthers zone.
7:44 of 3rd period - Shot by Colton Parayko.
7:44 of 3rd period - Shot Misses the Net.
7:54 of 3rd period - Shot by Matthew Tkachuk.
7:54 of 3rd period - Shot Misses the Net.
7:56 of 3rd period - Shot by Quinn Hughes.
7:56 of 3rd period - Shot Misses the Net.
8:17 of 3rd period - Icing by Connor Dewar.
8:18 of 3rd period - Ross Colton wins face-off versus Brady Tkachuk in Avalanche zone.
8:18 of 3rd period - Ross Colton is hit by Brady Tkachuk.
8:35 of 3rd period - Tim Stutzle is hit by Jake Sanderson and loses puck.
8:46 of 3rd period - Shot by Troy Terry.
8:46 of 3rd period - Stopped by Alexandar Georgiev with a rebound.
8:48 of 3rd period - Shot by Tyler Myers.
8:48 of 3rd period - Deflect By Troy Terry.
8:48 of 3rd period - Shot Blocked by Jake Sanderson.
8:50 of 3rd period - Shot by Tim Stutzle.
8:50 of 3rd period - Stopped by Alexandar Georgiev with a rebound.
9:14 of 3rd period - Troy Terry is hit by Owen Power and loses puck.
9:32 of 3rd period - Off-side.
9:33 of 3rd period - Aleksander Barkov wins face-off versus Jonathan Toews in neutral zone.
9:47 of 3rd period - Max Pacioretty is hit by Andrei Svechnikov and loses puck.
10:15 of 3rd period - Jonathan Toews is hit by Charlie McAvoy and loses puck.
10:39 of 3rd period - Minor Penalty to Charlie McAvoy for Roughing.
10:40 of 3rd period - Mikael Backlund wins face-off versus Josh Norris in Panthers zone.
10:47 of 3rd period - Shot by Travis Sanheim.
10:47 of 3rd period - Stopped by Alexandar Georgiev without a rebound.
10:48 of 3rd period - Mikael Backlund wins face-off versus Adam Henrique in Panthers zone.
11:24 of 3rd period - Shot by Mikko Rantanen.
11:24 of 3rd period - Shot Misses the Net.
12:09 of 3rd period - Shot by Max Pacioretty.
12:09 of 3rd period - Stopped by Alexandar Georgiev without a rebound.
12:10 of 3rd period - Patrik Laine wins face-off versus Mikael Backlund in Panthers zone.
12:11 of 3rd period - Shot by Max Pacioretty.
12:11 of 3rd period - Stopped by Alexandar Georgiev without a rebound.
12:12 of 3rd period - Mikael Backlund wins face-off versus Troy Terry in Panthers zone.
12:33 of 3rd period - Shot by Josh Norris.
12:33 of 3rd period - Shot Blocked by Oliver Ekman-Larsson.
12:43 of 3rd period - Connor Dewar is hit by Matthew Tkachuk and loses puck.
12:49 of 3rd period - Arber Xhekaj is hit by Andrei Svechnikov and loses puck.
13:19 of 3rd period - Matthew Tkachuk is hit by Arber Xhekaj and loses puck.
13:54 of 3rd period - Shot by Adam Henrique.
13:54 of 3rd period - Deflect By Patrik Laine.
13:54 of 3rd period - Stopped by Alexandar Georgiev without a rebound.
13:55 of 3rd period - Mikael Backlund wins face-off versus Josh Norris in Panthers zone.
13:55 of 3rd period - Mikael Backlund is hit by Josh Norris.
14:01 of 3rd period - Tyler Myers is hit by Mikael Backlund and loses puck.
14:20 of 3rd period - Shot by Troy Terry.
14:20 of 3rd period - Shot Misses the Net.
14:26 of 3rd period - Shot by Josh Norris.
14:26 of 3rd period - Shot Misses the Net.
14:32 of 3rd period - Shot by Tim Stutzle.
14:32 of 3rd period - Shot Misses the Net.
15:36 of 3rd period - Shot by Roope Hintz.
15:36 of 3rd period - Stopped by Stuart Skinner without a rebound.
15:37 of 3rd period - Aleksander Barkov wins face-off versus Jonathan Toews in Avalanche zone.
16:04 of 3rd period - Shot by Max Pacioretty.
16:04 of 3rd period - Shot Misses the Net.
16:14 of 3rd period - Shot by Andrei Svechnikov.
16:14 of 3rd period - Stopped by Stuart Skinner without a rebound.
16:15 of 3rd period - Frederick Gaudreau wins face-off versus Josh Norris in Avalanche zone.
16:23 of 3rd period - Icing by Tyler Myers.
16:24 of 3rd period - Josh Norris wins face-off versus Roope Hintz in Avalanche zone.
16:36 of 3rd period - Off-side.
16:37 of 3rd period - Adam Henrique wins face-off versus Aleksander Barkov in neutral zone.
17:04 of 3rd period - Off-side.
17:05 of 3rd period - Jonathan Toews wins face-off versus Roope Hintz in neutral zone.
17:34 of 3rd period - Mike Matheson is hit by Charlie McAvoy and loses puck.
18:24 of 3rd period - Icing by Jonathan Toews.
18:25 of 3rd period - Jonathan Toews wins face-off versus Mikael Backlund in Avalanche zone.
18:34 of 3rd period - Shot by Robby Fabbri.
18:34 of 3rd period - Stopped by Stuart Skinner without a rebound.
18:35 of 3rd period - Frederick Gaudreau wins face-off versus Ross Colton in Avalanche zone.
19:46 of 3rd period - Mikko Rantanen is hit by Roope Hintz and loses puck.
Goals for this period are 0 for Panthers vs 0 for Avalanche.
Shots for this period are 3 for Panthers vs 9 for Avalanche.